cohdb
Replays
Latest Replays
All Replays
Popular Replays
Top Player Replays
Match Explorer
How It Works
Community
CoH3 Stats
Reddit
Sign in to upload your games and track your stats! →
Sign in with Steam
Match 39381956
Unlisted
Match 39381956
Overview
Messages
Build Orders
End
Pioneer Squad
Construct Infanterie Kompanie
Grenadier Squad
Selects Mechanized Battlegroup
Grenadier Squad
Grenadier Squad
Infanterie Officer Quarters
Construct Panzergrenadier Kompanie
Construct Panzergrenadier Kompanie
Selects Raid Package
251 Medium Carrier
Pak 40 Anti-tank Gun Team
SmauGG
BIOHAZARD
0
0
Comments
sign in to comment!
No comments posted yet!